 Dungeon Crawl Stone Soup version 0.18-a0-918-g58938db (webtiles) character file.

366797 behaviouralBLAMING the Acrobat (level 22, -8/171 HPs)
             Began as a Merfolk Gladiator on Dec 27, 2015.
             Was the Champion of Makhleb.
             Killed by the air
             ... invoked by a titan
              (19 damage)
             ... on level 5 of the Vaults.
             The game lasted 02:33:43 (45990 turns).

behaviouralBLAMING the Acrobat (Merfolk Gladiator) Turns: 45990, Time: 02:33:44

Health: -8/171     AC: 32    Str: 17    XL:     22   Next: 57%
Magic:  0/44       EV: 24    Int: 17    God:    Makhleb [******]
Gold:   989        SH: 15    Dex: 18    Spells: 8 memorised, 13 levels left

rFire  . . .     SeeInvis +     F - +3 demon trident (flame)
rCold  . . .     Gourm    .     I - +7 chain mail "Celauqick" {MR+ Int+4 Slay+2}
rNeg   . . .     Faith    .     j - +2 shield
rPois  +         Spirit   +     G - +2 hat of Enlischei {+Fly Regen+}
rElec  +         Dismiss  .     p - +2 cloak {rPois}
rCorr  .         Reflect  .     J - +3 pair of gloves of Minor Irritation {rElec MP+9 Int-4 SInv}
SustAt .         Harm     .     C - +2 pair of boots {run}
MR     +++..                    Q - amulet of guardian spirit
Stlth  ..........               y - ring of Boguwuf {+Inv MR+ Str-3 Int+8}
                                r - +4 ring of evasion

@: about to teleport, marked, singing, very slightly contaminated, regenerating,
repel missiles, quick, extremely resistant to hostile enchantments, extremely
unstealthy
A: change form in water, swift swim, antennae 1, wild magic 1
a: Minor Destruction, Lesser Servant of Makhleb, Major Destruction, Greater
Servant of Makhleb, Renounce Religion, Stop Singing, Evoke Invisibility, Evoke
Flight
}: 2/15 runes: decaying, gossamer


You were on level 5 of the Vaults.
You worshipped Makhleb.
Makhleb was exalted by your worship.
You were not hungry.

You visited 8 branches of the dungeon, and saw 42 of its levels.
You also visited: Sewer, Ossuary, Ice Cave, Volcano and Wizlab.

You collected 4388 gold pieces.
You spent 3399 gold pieces at shops.

Inventory:

Hand Weapons
 a - the +8 trident "Timypniq" {freeze, rPois}
   (You found it on level 4 of the Dungeon)

   It has been specially enchanted to freeze those struck by it, causing extra
   injury to most foes and up to half again as much damage against particularly
   susceptible opponents.
   It can also slow down cold-blooded creatures.
   It protects you from poison.
 z - the +7 glaive "Daehybb" {chop, rElec rF+ MR+++ Int-3}
   (You took it off a deep elf sorcerer on level 3 of the Elven Halls)

   It inflicts extra damage upon your enemies.
   It affects your intelligence (-3).
   It protects you from fire.
   It insulates you from electricity.
   It affects your resistance to hostile enchantments.
 F - a +3 demon trident of flaming (weapon)
Missiles
 n - 19 curare-tipped needles
Armour
 j - a +2 shield (worn)
 p - a +2 cloak of poison resistance (worn)
 C - a +2 pair of boots of running (worn)
 G - the +2 hat of Enlischei (worn) {+Fly Regen+}
   (You acquired it on level 7 of the Lair of Beasts)

   It lets you fly.
   It increases your rate of regeneration.
 I - the +7 chain mail "Celauqick" (worn) {MR+ Int+4 Slay+2}
   (You bought it in a shop on level 4 of the Dungeon)

   It affects your intelligence (+4).
   It affects your accuracy and damage with ranged weapons and melee attacks
   (+2).
   It affects your resistance to hostile enchantments.
 J - the +3 pair of gloves of Minor Irritation (worn) {rElec MP+9 Int-4 SInv}
   (You bought it in a shop on level 4 of the Dungeon)

   It affects your intelligence (-4).
   It insulates you from electricity.
   It affects your magic capacity (+9).
   It lets you see invisible.
Jewellery
 r - a +4 ring of evasion (left hand)
 y - the ring of Boguwuf (right hand) {+Inv MR+ Str-3 Int+8}
   (You bought it in a shop on level 1 of the Vaults)

   [ring of protection from magic]

   It affects your strength (-3).
   It affects your intelligence (+8).
   It affects your resistance to hostile enchantments.
   It lets you turn invisible.
 Q - an amulet of guardian spirit (around neck)
 W - an uncursed amulet of resist corrosion
Wands
 i - a wand of teleportation (5/9)
 q - a wand of digging (10/24)
 v - a wand of draining (0/15)
 A - a wand of disintegration (5/24)
 Y - a wand of heal wounds (0/9)
Scrolls
 c - 4 scrolls of identify
 k - 17 scrolls of teleportation
 m - 20 scrolls of remove curse
 s - 4 scrolls of brand weapon
 u - 2 scrolls of recharging
 w - 10 scrolls of fear
 x - a scroll of silence
 B - 3 scrolls of summoning
 D - 7 scrolls of enchant armour
 K - 9 scrolls of amnesia
 N - 3 scrolls of holy word
 S - 11 scrolls of fog
 U - 7 scrolls of blinking
 Z - 3 scrolls of magic mapping
Potions
 b - 5 potions of resistance
 e - 3 potions of magic
 g - 5 potions of curing
 h - 9 potions of flight
 o - 10 potions of ambrosia
 t - a potion of might
 M - 2 potions of cancellation
 O - a potion of cure mutation
 P - 2 potions of invisibility
 R - 2 potions of agility
 T - 5 potions of brilliance
Books
 L - a Necronomicon

   Spells                             Type                      Level
   a - Haunt                          Necromancy/Summoning         7
   b - Borgnjor's Revivification      Necromancy                   8
   c - Death's Door                   Charms/Necromancy            8
   d - Necromutation                  Transmutation/Necromancy     8
 V - a book of Dreams

   Spells                             Type                      Level
   a - Ensorcelled Hibernation        Hexes/Ice                    2
   b - Phase Shift                    Translocation                5
   c - Shadow Creatures               Summoning                    5
   d - Silence                        Hexes/Air                    5
   e - Darkness                       Hexes                        6
   f - Mass Confusion                 Hexes                        6
 X - a book of Enchantments

   Spells                             Type                      Level
   a - Cause Fear                     Hexes                        4
   b - Yara's Violent Unravelling     Hexes/Transmutation          5
   c - Silence                        Hexes/Air                    5
   d - Deflect Missiles               Charms/Air                   6
   e - Haste                          Charms                       6
   f - Discord                        Hexes                        8
Comestibles
 f - 21 bread rations
 E - 6 slices of pizza
 H - 2 meat rations


   Skills:
 * Level 13.9 Fighting
 - Level 16.0 Polearms
 - Level 2.0 Throwing
 - Level 11.0 Armour
 - Level 22.1 Dodging
 - Level 14.0 Shields
 - Level 9.0 Spellcasting
 - Level 21.1 Charms
 - Level 8.0 Necromancy
 - Level 3.5 Air Magic


You had 13 spell levels left.
You knew the following spells:

 Your Spells              Type           Power        Failure   Level  Hunger
a - Repel Missiles        Chrm/Air       ######       3%          2    None
b - Song of Sleighing     Chrm           #######.     1%          2    None
c - Regeneration          Chrm/Necr      ######....   3%          3    None
d - Blink                 Tloc           N/A          99%         2    None
e - Vampiric Draining     Necr           ######....   22%         3    None
f - Sublimation of Blood  Necr           ######....   16%         2    None
g - Haste                 Chrm           #######.     7%          6    ######.
h - Deflect Missiles      Chrm/Air       ######....   94%         6    ######.


Dungeon Overview and Level Annotations

Branches:
Dungeon (15/15)            Temple (0/1) D:5            Lair (8/8) D:9
  Swamp (4/4) Lair:3       Spider (4/4) Lair:4        Slime (0/6) Lair:8
    Orc (2/2) D:11            Elf (3/3) Orc:2        Vaults (5/5) D:13
  Crypt (0/3) Vaults:2     Depths (1/5) D:15

Altars:
Elyvilon
Fedhas
Makhleb
Qazlal
Ru
Sif Muna
Vehumet
Xom
Beogh
Jiyva

Shops:
D:4 =**[=   D:12 (   Orc:2 [*(:   Elf:2 (   Elf:3 %   Vaults:1 =

Portals:
Trove: D:14 (give +4 demon blade)

Annotations:
Lair:1 exclusion: oklob plant
Depths:1 Wiglaf


Innate Abilities, Weirdness & Mutations

You revert to your normal form in water.
You are very nimble and swift while swimming.
You have a pair of small antennae on your head.
Your spells are a little harder to cast, but a little more powerful.


Message History

The vault warden hits you but does no damage.
The harpy claws you but does no damage. You block the harpy's attack.
The deep elf high priest says, "All sinners must die."
The deep elf mage gestures wildly while chanting.
The deep elf mage blinks!
Unknown command.
Read which item? (? for menu, Esc to quit)
As you read the scroll of teleportation, it crumbles to dust.
You feel strangely unstable.
You feel sick.
You are no longer poisoned.
The harpy screeches!
The harpy misses you. You block the harpy's attack.
You block the harpy's attack. x2
The tengu reaver hits you with a long sword!
* * * LOW HITPOINT WARNING * * *
The tengu reaver pecks you but does no damage.
The tengu reaver misses you. You block the vault warden's attack.
The titan waves its arms in wide circles.
The air twists around and strikes you!
You die...

#.. #.T.....#.... .
#.. #.......#T#.#.#.
#... #H.#............
#... #..#......[...
#....#..###..#.#.#.#.
.#.3.s#....p..........
...peCTT{{............
....ecDC##############
....oCcueH@..*....
.....eCcpQp.......
##################


You could see a titan, a white very ugly thing, a fire giant, a quicksilver
dragon, 3 vault wardens, a tengu reaver, 2 ettins, a deep elf elementalist, 2
deep elf high priests, 3 yaktaurs, a deep elf mage, a harpy, a smoke demon, an
orc warrior and a battlesphere.

Vanquished Creatures
  A greater mummy (WizLab)
  Saint Roka (Orc:2)
  An Ice Fiend (IceCv)
  Rupert (Lair:5)
  Asterion (Elf:3)
  2 deep elf blademasters
  2 deep elf master archers (Elf:3)
  5 sphinxes
  Frances (D:14)
  Agnes (Spider:3)
  Gastronok (D:8)
  A storm dragon (Vaults:3)
  2 thorn hunters (Swamp:4)
  A fire giant (D:15)
  3 ghost moths (Spider:4)
  2 frost giants (Depths:1)
  3 vault wardens
  5 emperor scorpions
  5 deep elf sorcerers (Elf:3)
  2 deep elf elementalists (Elf:3)
  A juggernaut zombie (WizLab)
  A ghoul (Vaults:2)
  4 very ugly things
  9 ironheart preservers
  2 stone giants (Depths:1)
  2 salamander stormcallers (Vaults:2)
  2 deep elf demonologists
  10 deep elf annihilators (Elf:3)
  2 spark wasps
  The ghost of Poody the Stickfighter, a journeyman CeHu of Okawaru (Lair:6)
  7 crystal guardians (Elf:3)
  Snorg (Lair:5)
  5 deep elf death magi
  3 mummy priests (WizLab)
  2 ettins
  3 deep elf high priests (Elf:3)
  2 fire dragons (Depths:1)
  36 vault guards
  11 yaktaur captains
  3 great orbs of eyes
  22 hydras
  4 catoblepae (Lair:8)
  An anaconda (Swamp:2)
  A ghost crab (Swamp:1)
  An ice dragon (Vaults:4)
  A tengu warrior (D:13)
  9 centaur warriors
  6 ogre magi
  A queen ant (Spider:1)
  3 deep troll shamans
  9 alligators
  9 death yaks (Lair:8)
  A vampire mage (Depths:1)
  24 dancing weapons
  An orc high priest (Orc:2)
  Urug (Lair:1)
  A storm dragon zombie (WizLab)
  15 deep elf knights
  2 deep troll earth magi (Vaults:1)
  2 shadow wraiths
  2 fire crabs
  A hell knight (Depths:1)
  Sonja (D:15)
  Nergalle (Lair:4)
  An unseen horror (D:12)
  9 deep trolls
  A salamander mystic (Vaults:2)
  5 skeletal warriors
  11 swamp dragons
  19 deep elf archers
  A giant orange brain (Vaults:4)
  6 hill giants
  14 ironbrand convokers
  A flayed ghost (Vaults:4)
  4 lindwurms (Lair:5)
  6 orc sorcerers
  A harpy (Vaults:5)
  A sphinx zombie (WizLab)
  2 necromancers (Elf:1)
  5 phantasmal warriors
  17 orb spiders
  29 wolf spiders
  5 griffons
  The ghost of sefie the Cleaver, a novice DsBe of Trog (D:6)
  41 ugly things
  A fire giant zombie (WizLab)
  11 orc knights
  2 hornets
  70 deep elf magi
  2 moths of wrath
  6 cyclopes
  2 salamanders (Vaults:2)
  4 ice statues (IceCv)
  14 elephants
  7 vault sentinels
  12 spiny frogs
  A demonspawn zombie (WizLab)
  A torpor snail (Lair:6)
  2 gargoyles
  A molten gargoyle (Volcano)
  10 black mambas
  A torpor snail (shapeshifter) (Vaults:3)
  2 efreet
  A spiny frog (shapeshifter) (Elf:3)
  A kobold demonologist (Vaults:3)
  44 yaktaurs
  11 demonic crawlers
  5 komodo dragons
  2 fire drakes
  11 ice devils (IceCv)
  2 anaconda simulacra (IceCv)
  15 jumping spiders
  5 guardian mummies
  A tengu conjurer (D:13)
  7 freezing wraiths
  A tengu simulacrum (Vaults:1)
  A hellwing (Vaults:4)
  12 blink frogs
  11 trolls
  12 giant leeches
  6 bog bodies
  A fire dragon zombie (WizLab)
  An ettin zombie (WizLab)
  6 air elementals
  8 two-headed ogres
  A troll (shapeshifter) (Vaults:4)
  2 two-headed ogres (shapeshifter)
  19 slime creatures
  5 boulder beetles
  A trapdoor spider (shapeshifter) (Vaults:2)
  A fire giant simulacrum (Vaults:2)
  20 tarantellas
  17 redbacks
  3 spriggans
  A tarantella (shapeshifter) (Vaults:2)
  4 trapdoor spiders
  A wraith (D:11)
  4 water elementals (Elf:2)
  3 fire bats (Orc:1)
  2 shadows
  The ghost of ZiggyStardust the Ogre Mage, an amateur OgFE (Ossuary)
  86 yaks
  Eustachio (D:4)
  A spriggan (shapeshifter) (Vaults:2)
  12 hippogriffs
  3 basilisks
  3 hungry ghosts
  25 vampire mosquitoes
  A harpy simulacrum (IceCv)
  4 wolves (Lair:6)
  2 large abominations (Elf:1)
  4 wargs
  5 fire elementals
  17 swamp worms
  8 insubstantial wisps
  3 iron troll simulacra (IceCv)
  17 soldier ants
  14 water moccasins
  3 mottled dragons
  15 swamp drakes
  2 necrophages
  3 hydra simulacra (IceCv)
  10 porcupines
  An ettin simulacrum (IceCv)
  An ice beast (D:8)
  54 orc warriors
  5 phantoms
  An eye of draining (D:11)
  4 sky beasts
  7 boggarts
  45 ogres
  9 wasps
  13 crocodiles
  19 centaurs
  A human zombie (WizLab)
  An elf zombie (Elf:1)
  22 giant frogs
  4 gnoll sergeants (D:11)
  A wyvern zombie (D:13)
  2 wyvern skeletons (D:11)
  2 big kobolds (D:11)
  2 earth elementals
  12 killer bees
  A tengu zombie (WizLab)
  A water moccasin skeleton (D:9)
  13 wights
  12 electric eels
  30 orc priests
  6 centaur zombies
  15 crimson imps
  2 giant frog zombies
  10 hounds
  A jelly (D:8)
  5 centaur skeletons
  Jessica (D:3)
  2 giant frog skeletons
  16 iguanas
  27 orc wizards
  2 sirens (Sewer)
  25 worker ants
  A merfolk avatar (Sewer)
  5 hell rats (Lair:3)
  A killer bee zombie (D:11)
  2 ogre zombies (Ossuary)
  33 sheep
  A hound zombie (D:9)
  2 hound skeletons (D:10)
  6 mummies (Ossuary)
  Robin (D:3)
  16 gnolls
  3 worker ant zombies
  14 adders
  68 river rats
  6 shadow imps
  12 white imps
  8 adder zombies
  A worm (D:5)
  An adder skeleton (D:4)
  11 giant geckos
  127 orcs
  15 ball pythons
  9 bats
  8 giant cockroaches
  16 goblins
  10 hobgoblins
  13 kobolds
  3 quokkas
  13 giant newts
  4 goblin zombies (Ossuary)
  5 hobgoblin zombies (Ossuary)
  7 jackals (D:3)
  2 jackal skeletons
  4 kobold zombies (Ossuary)
  2 orc zombies
  6 quokka zombies
  54 rats
  2 rat zombies (Ossuary)
  A fire vortex (Volcano)
1952 creatures vanquished.

Vanquished Creatures (others)
  A deep elf elementalist (Elf:3)
  An ironheart preserver (Vaults:5)
  2 deep elf high priests (Elf:3)
  A hydra (Swamp:4)
  A spriggan druid (Swamp:3)
  An orb spider (Spider:4)
  A harpy (Vaults:5)
  A wolf spider (Spider:4)
  A yaktaur (Depths:1)
  A redback (shapeshifter) (Elf:3)
  3 ogres
  An elf zombie (Elf:1)
  A white imp (Swamp:4)
  A fungus (Lair:8)
  2 plants
19 creatures vanquished.

Grand Total: 1971 creatures vanquished

Notes
Turn   | Place    | Note
--------------------------------------------------------------
     0 | D:1      | behaviouralBLAMING the Merfolk Gladiator began the quest for the Orb.
     0 | D:1      | Reached XP level 1. HP: 16/16 MP: 1/1
   124 | D:1      | Reached skill level 5 in Polearms
   152 | D:1      | Reached XP level 2. HP: 20/22 MP: 2/2
   723 | D:1      | Reached XP level 3. HP: 25/27 MP: 3/3
   937 | D:1      | Reached skill level 6 in Polearms
   992 | D:2      | Reached skill level 1 in Shields
  1334 | D:2      | Reached XP level 4. HP: 26/33 MP: 4/4
  2346 | D:3      | Reached skill level 7 in Polearms
  2436 | D:3      | Reached XP level 5. HP: 33/38 MP: 5/5
  2496 | D:3      | Found a glowing drain.
  2500 | Sewer    | Entered a sewer
  2745 | Sewer    | Reached skill level 8 in Polearms
  2910 | Sewer    | Reached XP level 6. HP: 30/44 MP: 6/6
  3275 | D:3      | Reached skill level 9 in Polearms
  3452 | D:3      | Noticed Robin
  3465 | D:3      | Killed Robin
  3907 | D:3      | Found a shimmering altar of Xom.
  3940 | D:3      | Reached skill level 10 in Polearms
  3943 | D:3      | Noticed Jessica
  3947 | D:3      | Killed Jessica
  3997 | D:3      | Reached XP level 7. HP: 50/50 MP: 7/7
  4279 | D:4      | Found a sand-covered staircase.
  4285 | D:4      | Found Binovife's Jewellery Boutique.
  4310 | Ossuary  | Entered an ossuary
  4339 | Ossuary  | Noticed ZiggyStardust's ghost (amateur OgFE)
  4365 | Ossuary  | Killed ZiggyStardust's ghost
  4365 | Ossuary  | Reached skill level 11 in Polearms
  4809 | Ossuary  | Reached skill level 12 in Polearms
  4955 | Ossuary  | Reached XP level 8. HP: 39/56 MP: 8/8
  5555 | D:4      | Found Gagiur's Assorted Antiques.
  5570 | D:4      | Bought a scroll labeled IXOWIU POURCHE for 28 gold pieces
  5570 | D:4      | Bought a scroll labeled YNELEIDAA for 28 gold pieces
  5595 | D:4      | Found a burning altar of Makhleb.
  5603 | D:4      | Got a transparent whip
  5604 | D:4      | Identified the +9 whip of the Endless March {venom, +Inv Int+4} (You found it on level 4 of the Dungeon)
  5652 | D:4      | Got an iridescent trident
  5653 | D:4      | Identified the +8 trident "Timypniq" {freeze, rPois} (You found it on level 4 of the Dungeon)
  5672 | D:4      | Noticed Eustachio
  5683 | D:4      | Killed Eustachio
  5683 | D:4      | Reached skill level 13 in Polearms
  5768 | D:4      | Found Deuwegh's General Store.
  5965 | D:4      | Found Kampiuxt's Antique Armour Shop.
  6047 | D:4      | Reached skill level 14 in Polearms
  6082 | D:4      | Found a deep blue altar of Sif Muna.
  6131 | D:4      | Found Xadeh's Jewellery Shoppe.
  6435 | D:4      | Became a worshipper of Makhleb the Destroyer
  6442 | D:5      | Entered Level 5 of the Dungeon
  6536 | D:5      | Found a staircase to the Ecumenical Temple.
  6555 | D:5      | Got a crystal mace
  6656 | D:5      | Reached * piety under Makhleb
  6984 | D:5      | Reached skill level 5 in Fighting
  6984 | D:5      | Reached XP level 9. HP: 66/68 MP: 9/9
  7075 | D:6      | Noticed sefie's ghost (novice DsBe)
  7094 | D:6      | Killed sefie's ghost
  7332 | D:6      | Found a stormy altar of Qazlal.
  7419 | D:6      | Reached skill level 5 in Dodging
  7461 | D:6      | Found a white marble altar of Elyvilon.
  7794 | D:4      | Bought a pair of jewelled gloves for 266 gold pieces
  7799 | D:4      | Identified the +3 pair of gloves of Minor Irritation {rElec MP+9 Int-4 SInv} (You bought it in a shop on level 4 of the Dungeon)
  7896 | D:4      | Reached ** piety under Makhleb
  8089 | D:7      | Found a blossoming altar of Fedhas.
  8095 | D:7      | Found a sacrificial altar of Ru.
  8617 | D:8      | Reached XP level 10. HP: 74/79 MP: 10/10
  8627 | D:8      | Noticed Gastronok
  8627 | D:8      | Reached skill level 10 in Dodging
  8664 | D:8      | Killed Gastronok
  8664 | D:8      | Reached *** piety under Makhleb
  9149 | D:9      | Found a staircase to the Lair.
  9469 | D:9      | Reached **** piety under Makhleb
  9475 | D:9      | Reached XP level 11. HP: 84/84 MP: 11/11
  9643 | D:9      | Reached skill level 15 in Dodging
  9956 | D:10     | Entered Level 10 of the Dungeon
 10210 | D:10     | Reached skill level 16 in Dodging
 10215 | D:10     | Reached ***** piety under Makhleb
 10588 | D:10     | Noticed a deep elf mage
 11130 | Lair:1   | Entered Level 1 of the Lair of Beasts
 11230 | Lair:1   | Noticed Urug
 11241 | Lair:1   | Killed Urug
 11342 | Lair:1   | Noticed a four-headed hydra
 11352 | Lair:1   | Killed a four-headed hydra
 11384 | Lair:1   | Reached skill level 5 in Shields
 11472 | Lair:1   | You fall through a shaft!
 11519 | Lair:2   | Reached XP level 12. HP: 91/91 MP: 12/12
 12617 | Lair:3   | Reached ****** piety under Makhleb
 12821 | Lair:3   | Found a staircase to the Swamp.
 13118 | Lair:4   | Reached skill level 10 in Shields
 13247 | Lair:4   | Noticed a seven-headed hydra
 13257 | Lair:4   | Killed a seven-headed hydra
 13404 | Lair:4   | Noticed Nergalle
 13430 | Lair:4   | Killed Nergalle
 13505 | Lair:4   | Found a hole to the Spider Nest.
 13818 | Lair:5   | Reached skill level 10 in Fighting
 14019 | Lair:5   | Reached XP level 13. HP: 87/103 MP: 13/13
 14043 | Lair:5   | Noticed Rupert
 14062 | Lair:5   | Killed Rupert
 14129 | Lair:5   | Noticed Snorg
 14141 | Lair:5   | Killed Snorg
 14922 | Lair:5   | Reached skill level 17 in Dodging
 15178 | Lair:5   | Got a faintly glowing emerald amulet
 15180 | Lair:5   | Identified the amulet "Zixtuh" {Reflect SH+2 SInv} (You found it on level 5 of the Lair of Beasts)
 15215 | Lair:6   | Noticed Poody's ghost (journeyman CeHu)
 15452 | Lair:6   | Killed Poody's ghost
 15704 | Lair:6   | Reached skill level 18 in Dodging
 16423 | Lair:7   | Identified a scroll of acquirement
 16426 | Lair:7   | Got an ancient hat
 16437 | Lair:7   | Identified the +2 hat of Enlischei {+Fly Regen+} (You acquired it on level 7 of the Lair of Beasts)
 16630 | Lair:7   | Reached skill level 19 in Dodging
 16932 | Lair:7   | Reached XP level 14. HP: 115/115 MP: 14/14
 17158 | Lair:8   | Entered Level 8 of the Lair of Beasts
 17262 | Lair:8   | Found a staircase to the Slime Pits.
 17265 | Lair:8   | Found a viscous altar of Jiyva.
 17402 | Lair:8   | Reached skill level 20 in Dodging
 17720 | Lair:8   | Learned a level 2 spell: Repel Missiles
 17723 | Lair:8   | Learned a level 2 spell: Song of Sleighing
 17727 | Lair:8   | Learned a level 3 spell: Regeneration
 18134 | Lair:8   | Reached skill level 1 in Armour
 18524 | Lair:8   | Reached skill level 1 in Spellcasting
 19968 | D:11     | Found a staircase to the Orcish Mines.
 20008 | D:11     | Reached skill level 5 in Spellcasting
 20059 | Orc:1    | Entered Level 1 of the Orcish Mines
 20190 | Orc:1    | Found a dark tunnel.
 20200 | Volcano  | Entered a volcano
 20378 | Orc:2    | Entered Level 2 of the Orcish Mines
 20381 | Orc:2    | Noticed Saint Roka
 20383 | Orc:2    | Reached XP level 15. HP: 120/120 MP: 23/23
 20537 | Orc:2    | Killed Saint Roka
 20595 | Orc:2    | Found a roughly hewn altar of Beogh.
 20896 | Orc:2    | Found Dekulos's Book Shoppe.
 20992 | Orc:2    | Found Ykeun's General Store.
 21007 | Orc:2    | Found Ifozaej's Antique Armour Shoppe.
 21022 | Orc:2    | Found Xaojor's Antique Weapon Shoppe.
 21052 | Orc:2    | Bought a translucent scale mail for 288 gold pieces
 21052 | Orc:2    | Bought a spiked scale mail for 288 gold pieces
 21054 | Orc:2    | Identified the +1 scale mail of Impermeability {rF- MP+9 Int+8 SInv} (You bought it in a shop on level 2 of the Orcish Mines)
 21055 | Orc:2    | Identified the cursed +1 scale mail of Responsibility {rElec rPois} (You bought it in a shop on level 2 of the Orcish Mines)
 21103 | Orc:2    | Found a staircase to the Elven Halls.
 22005 | D:11     | Reached skill level 1 in Charms
 22186 | D:12     | Found Qimyissi's Weapon Boutique.
 22518 | D:4      | Bought a turquoise-studded chain mail for 266 gold pieces
 22529 | D:4      | Identified the +7 chain mail "Celauqick" {MR+ Int+4 Slay+2} (You bought it in a shop on level 4 of the Dungeon)
 22532 | D:4      | Bought a pair of embroidered boots for 126 gold pieces
 22542 | D:4      | Identified a +2 pair of boots of running (You bought it in a shop on level 4 of the Dungeon)
 22602 | D:4      | Bought a +4 ring of evasion for 468 gold pieces
 23468 | D:13     | Reached skill level 5 in Armour
 23544 | D:13     | Found a gate to the Vaults.
 23874 | D:13     | Found a roughly hewn altar of Beogh.
 24197 | D:14     | Noticed Frances
 24216 | D:14     | Killed Frances
 24216 | D:14     | Reached XP level 16. HP: 127/127 MP: 29/29
 24350 | D:14     | Identified a +0 rod of ignition (14/14) (You found it on level 14 of the Dungeon)
 24600 | D:14     | Found a portal to a secret trove of treasure.
 24820 | D:15     | Entered Level 15 of the Dungeon
 24822 | D:15     | Found a staircase to the Depths.
 25173 | D:15     | Noticed Sonja
 25226 | D:15     | Killed Sonja
 25480 | Depths:1 | Entered Level 1 of the Depths
 25626 | Depths:1 | Learned a level 2 spell: Blink
 25685 | Depths:1 | Noticed Wiglaf
 25838 | Depths:1 | Reached skill level 10 in Armour
 26277 | Swamp:1  | Entered Level 1 of the Swamp
 26962 | Swamp:2  | Reached skill level 5 in Charms
 27139 | Swamp:2  | Reached XP level 17. HP: 133/133 MP: 30/30
 27455 | Swamp:2  | Gained mutation: Your body sometimes deteriorates upon taking damage. [potion of mutation]
 27455 | Swamp:2  | Gained mutation: You have sharp fingernails. [potion of mutation]
 27455 | Swamp:2  | Gained mutation: Your system is resistant to poisons. [potion of mutation]
 27456 | Swamp:2  | Lost mutation: Your body sometimes deteriorates upon taking damage. [potion of cure mutation]
 27456 | Swamp:2  | Lost mutation: You have sharp fingernails. [potion of cure mutation]
 27456 | Swamp:2  | Lost mutation: Your system is resistant to poisons. [potion of cure mutation]
 28398 | Swamp:4  | Entered Level 4 of the Swamp
 28487 | Swamp:4  | Reached skill level 10 in Charms
 28789 | Swamp:4  | Found a frozen archway.
 28800 | IceCv    | Entered an ice cave
 29062 | IceCv    | Reached skill level 1 in Necromancy
 29310 | IceCv    | Noticed an Ice Fiend
 29335 | IceCv    | Killed an Ice Fiend
 29348 | IceCv    | Got a steaming robe
 29350 | IceCv    | Identified the +2 robe "Kotaz" {rPois Int+6 Dex-3} (You found it in an ice cave)
 29353 | IceCv    | Gained mutation: Your flesh is cold resistant. [potion of beneficial mutation]
 29709 | Swamp:4  | Got a decaying rune of Zot
 30199 | Spider:1 | Entered Level 1 of the Spider Nest
 30405 | Spider:1 | Reached skill level 5 in Necromancy
 30424 | Spider:1 | Reached XP level 18. HP: 140/140 MP: 31/31
 32381 | Spider:3 | Noticed Agnes
 32397 | Spider:3 | Killed Agnes
 32909 | Spider:4 | Entered Level 4 of the Spider Nest
 33548 | Spider:4 | Got a gossamer rune of Zot
 33915 | Elf:1    | Entered Level 1 of the Elven Halls
 34091 | Elf:1    | Reached skill level 15 in Charms
 34163 | Elf:1    | Found a radiant altar of Vehumet.
 34242 | Elf:1    | Reached XP level 19. HP: 146/146 MP: 32/32
 35252 | Elf:1    | Identified the Almanac of Dark Rites (You found it on level 1 of the Elven Halls)
 35257 | Elf:1    | Learned a level 3 spell: Vampiric Draining
 35366 | Elf:2    | Found Vofabon's Antique Weapon Shoppe.
 35862 | Elf:2    | Found a runed gate.
 35862 | Elf:2    | Found a runed gate.
 35863 | Elf:2    | Found a runed gate.
 36625 | Elf:2    | Reached skill level 15 in Polearms
 36847 | Elf:3    | Entered Level 3 of the Elven Halls
 36869 | Elf:3    | Found a magical portal.
 36879 | WizLab   | Entered Doroklohe's Tomb
 37049 | WizLab   | Noticed a greater mummy
 37078 | WizLab   | Killed a greater mummy
 37763 | Elf:3    | Noticed Asterion
 37813 | Elf:3    | Killed Asterion
 37971 | Elf:3    | Reached XP level 20. HP: 144/153 MP: 23/33
 38044 | Elf:3    | Gained mutation: Your body sometimes deteriorates upon taking damage. [a neqoxec]
 38072 | Elf:3    | HP: 6/153 [deep elf annihilator/crystal spear (60)]
 38467 | Elf:3    | Found Unues's Food Boutique.
 38726 | Elf:3    | Got a translucent glaive {chop}
 38730 | Elf:3    | Identified the +7 glaive "Daehybb" {chop, rElec rF+ MR+++ Int-3} (You took it off a deep elf sorcerer on level 3 of the Elven Halls)
 39154 | Elf:3    | Got a warped trident {pierce}
 39155 | Elf:3    | Identified the +7 trident "Vemodur" {pierce, *Confuse +Fly Int+8 Dex-4} (You took it off a deep elf death mage on level 3 of the Elven Halls)
 39223 | Elf:3    | Learned a level 2 spell: Sublimation of Blood
 39228 | Elf:3    | Identified the Grimoire of the Mountains
 39270 | Elf:3    | Got a shimmering leather armour
 39271 | Elf:3    | Identified the +1 leather armour of Bareduq {MR+} (You took it off a deep elf annihilator on level 3 of the Elven Halls)
 39293 | Elf:3    | Got a fine ring mail
 39294 | Elf:3    | Identified the +0 ring mail of Negligence {Slay+2} (You found it on level 3 of the Elven Halls)
 39702 | Elf:3    | Reached skill level 21 in Dodging
 39887 | Vaults:1 | Entered Level 1 of the Vaults
 40324 | Vaults:1 | Found Qucvopsymo's Jewellery Boutique.
 40332 | Vaults:1 | Bought the ring of Boguwuf {+Inv MR+ Str-3 Int+8} for 891 gold pieces
 40580 | Vaults:1 | Reached skill level 22 in Dodging
 40770 | Orc:2    | Bought a book of Enchantments for 750 gold pieces
 40777 | Orc:2    | Learned a level 6 spell: Haste
 40784 | Orc:2    | Learned a level 6 spell: Deflect Missiles
 41022 | Vaults:2 | Reached skill level 1 in Air Magic
 41099 | Vaults:2 | Reached XP level 21. HP: 159/159 MP: 33/34
 41462 | Vaults:2 | Found a staircase to the Crypt.
 43543 | Vaults:3 | Got a brightly glowing ring mail
 43544 | Vaults:3 | Identified the cursed +0 ring mail "Jynoqed" {rPois} (You found it on level 3 of the Vaults)
 44527 | Vaults:4 | Reached XP level 22. HP: 165/165 MP: 35/35
 45407 | Vaults:5 | Entered Level 5 of the Vaults
 45501 | Vaults:4 | Lost mutation: Your flesh is cold resistant. [potion of cure mutation]
 45501 | Vaults:4 | Lost mutation: Your body sometimes deteriorates upon taking damage. [potion of cure mutation]
 45502 | Vaults:4 | Gained mutation: Your spells are a little harder to cast, but a little more powerful. [potion of beneficial mutation]
 45503 | Vaults:4 | Gained mutation: You have a pair of small antennae on your head. [potion of beneficial mutation]
 45987 | Vaults:5 | HP: 3/171 [titan/the air (16)]
 45988 | Vaults:5 | HP: 1/171 [tengu reaver/bolt of magma (30)]
 45990 | Vaults:5 | Killed from afar by a titan

Vault maps used:
D:1:      evilmike_arrival_plus
D:2:      lemuel_upstairs_altar
D:3:      led_xom_imps, gup_sewer_entry_spiral, uniq_jessica, uniq_robin
D:4:      led_sif_pool, bloody_makhleb, first_bread, serial_shops,
          nicolae_shop_window_shopping, nicolae_shop_waterfront,
          nicolae_shop_stone, shop, shop, nicolae_ossuary_entry_ruins,
          minmay_bisected, uniq_eustachio
D:5:      minmay_temple_entry_grid, serial_bayou_pond_e
D:6:      elyvilon_altar_5, lemuel_doored_altar, minmay_misc_feat_pillars,
          hangedman_decor_slide_cut
D:7:      fedhas_altar_3, nicolae_ru_awakened_eye, serial_corexii_hall,
          corexii_hall_statues_s, corexii_hall_statues_t, dk_noncrumbling_3,
          kennysheep_generic_room_8
D:8:      uniq_gastronok
D:9:      forest_paths, item_on_display_a
D:10:     grunt_ogre_cave, minmay_fire_ice_demons
D:11:     kennysheep_orc_monster_closet_entryway
D:12:     serial_shops, nicolae_shop_trees
D:13:     lightli_vaults_fourway_checkpoint, special_room
D:14:     nicolae_trove_entry_path_of_doom, uniq_frances
D:15:     grunt_enter_depths_giant_problem, hangedman_decor_clover_reticule,
          corexii_checkpoint_a, hangedman_decor_riveting, minmay_misc_feat_x,
          corexii_corridor_pit, uniq_sonja
Lair:1:   minmay_lair_oklob_chamber, dpeg_stationary_puzzle, grunt_megastairs_3,
          uniq_urug
Lair:3:   lemuel_ratsnest, minmay_swamp_entry_eels, lab_entry_generic,
          grunt_forest_small_clearings
Lair:4:   nicolae_spider_entry_orb_guardian, grunt_megastairs_1, uniq_nergalle
Lair:5:   minmay_lindwurm_lava, uniq_rupert, uniq_snorg
Lair:6:   lemuel_old_faithful
Lair:7:   beast_lair_carwin_2
Lair:8:   evilmike_catoblepas_cave, slime_altar_1
Swamp:1:  evilmike_swamp_ruin_house_4
Swamp:2:  nicolae_swamp_fairy_circle, swamp_pool4, nicolae_swamp_snake_nest,
          infiniplex_staircase_pool
Swamp:3:  serial_swamp_ruin, evilmike_swamp_ruin_house_2,
          hangedman_swamp_ruin_hall, evilmike_swamp_ruin_rubble_2
Swamp:4:  swamp, portal_ice_cave_entry_imps, swamp_pool1
Spider:1: zaba_antful_of_joy
Spider:2: nicolae_orb_stairs
Spider:3: uniq_agnes
Spider:4: grunt_spider_rune_island, spider_trap
Orc:1:    nicolae_volcano_entry_batcave
Orc:2:    grunt_orc_cross
Elf:1:    minmay_elf_arrival_summoners, basic_altar, minmay_elf_necromancy
Elf:2:    serial_shops, nicolae_shop_stone, serial_sigils_hangedman_gut,
          minivault_11, moated_statue, uniq_wiglaf
Elf:3:    minmay_elf_hall_golems, mu_enter_wizlab_6, serial_shops,
          shop_fountains, uniq_asterion
Vaults:1: hangedman_vaults_maws, nicolae_vaults_little_squares_2,
          nicolae_vaults_theta, nicolae_vaults_big_angled_halls,
          nicolae_vaults_angled_halls, vaults_dpeg_ring, ontoclasm_vaults_chip,
          serial_shops, shop
Vaults:2: vaults_room_stairs_pillars, nicolae_vaults_circle_grid_b, v_pattern_1,
          nicolae_vaults_big_ls, minmay_crypt_entry_simple_statues,
          vaults_room_pool, hangedman_vaults_capsules, v_rooms_2,
          hangedman_vaults_restitches, ontoclasm_vaults_spin,
          vaults_room_guarded_vault, vaults_room_pool
Vaults:3: grunt_vaults_twisty, ontoclasm_vaults_hangar,
          ontoclasm_vaults_ring_square, v_misc_29, hangedman_vaults_maws,
          ontoclasm_vaults_echo, ontoclasm_vaults_ring_square, v_rooms_5,
          hangedman_vaults_slice, vaults_room_stairs_pillars,
          vaults_room_stairs_pillars, v_alt_pattern_1
Vaults:4: vaults_room_semicircle, hangedman_vaults_maws, v_misc_15,
          nicolae_vaults_little_squares_2, hangedman_vaults_maws,
          ontoclasm_vaults_misaligned, v_misc_22, vaults_room_hallway,
          hangedman_vaults_variations, v_misc_17, v_misc_8, v_misc_29,
          nicolae_vaults_lopsided_apartments
Vaults:5: serial_shops, uniq_saint_roka
Depths:1: nrook_pool_corridor, hell_entry, sword_in_stone, uniq_mara
Sewer:    sewer_sea
Ossuary:  ossuary_boxes_badplayer
IceCv:    ice_cave_tombish
Volcano:  volcano_overflow
WizLab:   wizlab_doroklohe

Action                   |  1- 3 |  4- 6 |  7- 9 | 10-12 | 13-15 | 16-18 | 19-21 | 22-24 || total
-------------------------+-------+-------+-------+-------+-------+-------+-------+-------++-------
Melee: Trident           |   167 |   340 |   459 |   846 |  2010 |  2687 |  2226 |       ||  8735
       Glaive            |       |       |       |       |       |       |   169 |       ||   169
       Demon trident     |       |       |       |       |       |       |  1007 |   616 ||  1623
 Cast: Repel Missiles    |       |       |       |       |       |     4 |     4 |     1 ||     9
       Song of Sleighing |       |       |       |       |       |     3 |     6 |     4 ||    13
       Regeneration      |       |       |       |       |       |     6 |    10 |     4 ||    20
       Haste             |       |       |       |       |       |       |     2 |     3 ||     5
       Vampiric Draining |       |       |       |       |       |       |       |     1 ||     1
Evoke: Wand              |       |       |       |     5 |       |     3 |     8 |     9 ||    25
  Use: Scroll            |     2 |     7 |     6 |    12 |     9 |    13 |    23 |     2 ||    74
       Potion            |       |     3 |       |     3 |     7 |    11 |     8 |     4 ||    36
 Stab: Sleeping          |       |     9 |     8 |     6 |     7 |       |       |       ||    30
       Distracted        |       |       |     1 |     2 |       |       |       |       ||     3
       Invisible         |       |       |       |     6 |       |       |       |    11 ||    17
       Confused          |       |       |       |       |       |     2 |       |       ||     2
  Eat: Chunk             |     2 |     8 |    10 |     5 |    17 |    11 |     7 |     4 ||    64
       Royal jelly       |       |       |     1 |       |     1 |     1 |       |       ||     3
       Beef jerky        |       |       |     2 |       |       |     2 |    11 |       ||    15
       Meat ration       |       |       |       |     2 |     3 |     3 |     3 |     1 ||    12
       Pizza             |       |       |       |     2 |       |       |     1 |       ||     3
       Fruit             |       |       |       |       |     6 |     4 |     6 |     1 ||    17
